 Seeded DCSS version 0.29.1-15-g9cfb28693d (webtiles) character file.

Game seed: 6076705715975610250 (custom seed)

3987 Sanktem7 the Cleaver (level 10, 0/135 HPs)
             Began as a Minotaur Fighter on Mar 13, 2023.
             Was a Priest of Okawaru.
             Slain by a skeletal warrior
             ... wielding a +0 scimitar
              (9 damage)
             ... on level 6 of the Dungeon.
             The game lasted 00:12:01 (5792 turns).

Sanktem7 the Cleaver (Minotaur Fighter)             Turns: 5792, Time: 00:12:01

Health: 0/135      AC: 25    Str: 26    XL:     10   Next: 3%
Magic:  10/10      EV:  2    Int:  5    God:    Okawaru [***...]
Gold:   1220       SH:  5    Dex:  9    Spells: 9/9 levels left

rFire   . . .      SeeInvis .   r - +8 mithril axe "Arga" {speed, Will+}
rCold   . . .      Faith    .   c - +0 buckler
rNeg    . . .      Spirit   .   (body armour currently unavailable)
rPois   +          Reflect  .   (helmet currently unavailable)
rElec   .          Harm     .   (cloak currently unavailable)
rCorr   .          Rampage  .   (gloves currently unavailable)
Will    +....      NoTele   +   (boots currently unavailable)
Stlth   +.........              q - amulet of the acrobat
HPRegen 0.32/turn               v - +4 ring of evasion
MPRegen 0.12/turn               (no ring)

@: tree-form
A: stationary, stasis, torment immunity, boosted hp, (horns 2), (retaliatory
headbutt)
a: Renounce Religion, Heroism


You were on level 6 of the Dungeon.
You worshipped Okawaru.
Okawaru was most pleased with you.
You were a tree.
You visited 2 branches of the dungeon, and saw 8 of its levels.

You collected 1220 gold pieces.


Innate Abilities, Weirdness & Mutations

You are a tree.
Your roots penetrate the ground, keeping you stationary.
You cannot be teleported.
You are immune to unholy pain and torment.
Your maximum health is greatly increased.
Your equipment is partially melded.
((You have a pair of horns on your head.))
((You reflexively headbutt those who attack you in melee.))


   Skills:
 + Level 8.4 Fighting
 * Level 11.0 Axes
 + Level 8.5 Armour
 + Level 8.4 Shields
 + Level 2.3 Invocations


You had 9 spell levels left.
You didn't know any spells.
Your spell library contained the following spells:

 Spells                   Type           Power      Damage    Failure   Level
 Ensorcelled Hibernation  Hex/Ice        0%         N/A       69%         2
 Sublimation of Blood     Necr           0%         N/A       69%         2
 Frozen Ramparts          Ice            0%         1d1       89%         3
 Spider Form              Tmut/Pois      0%         N/A       89%         3
 Anguish                  Hex/Necr       0%         N/A       100%        4
 Ice Form                 Ice/Tmut       0%         N/A       100%        4
 Petrify                  Tmut/Erth      0%         N/A       100%        4
 Irradiate                Conj/Tmut      0%         3d11      100%        5
 Summon Ice Beast         Ice/Summ       Unusable   N/A       N/A         4

Inventory:

Hand Weapons
 a - a +0 war axe {axe}
 r - the +8 mithril axe "Arga" (weapon) {speed, Will+}
   (You found it on level 3 of the Dungeon)

   Attacks with this weapon are significantly faster.
   Will:      It increases your willpower.
 w - the +3 woodcutter's axe {vorpal}
   (You found it on level 4 of the Dungeon)

   It inflicts extra damage upon your enemies.
Missiles
 e - 3 silver boomerangs {throwing}
 f - 66 stones (quivered) {throwing}
 p - 5 datura-tipped darts {throwing}
 u - 5 poisoned darts {throwing}
 C - 5 boomerangs {throwing}
Armour
 c - a +0 buckler (worn)
 h - the +18 Lear's hauberk (melded)
   (You acquired it on level 1 of the Dungeon)
Jewellery
 g - a ring of resist corrosion
   (You found it on level 1 of the Dungeon)
 q - an amulet of the acrobat (around neck)
   (You found it on level 3 of the Dungeon)
 v - a +4 ring of evasion (left branch)
   (You found it on level 4 of the Dungeon)
 H - a +6 ring of intelligence
   (You found it on level 6 of the Dungeon)
Wands
 t - a wand of flame (19)
   (You found it on level 4 of the Dungeon)
 K - a wand of quicksilver (5)
   (You took it off Joseph on level 7 of the Dungeon)
Scrolls
 b - 2 scrolls of butterflies {unknown}
 j - 2 scrolls of noise {unknown}
 l - 2 scrolls of poison {unknown}
 m - 8 scrolls of identify {unknown}
 n - a scroll of silence {unknown}
 o - 2 scrolls of enchant armour {unknown}
 y - a scroll of vulnerability {unknown}
 z - a scroll of brand weapon {unknown}
 A - 3 scrolls of amnesia {unknown}
 B - 2 scrolls of enchant weapon {unknown}
 D - a scroll of fear {unknown}
 E - a scroll of blinking {unknown}
 I - a scroll of teleportation {unknown}
 J - a scroll of immolation {unknown}
Potions
 d - 2 potions of might
 i - 4 potions of curing {@q1}
 x - a potion of lignification {!q}
 F - a potion of haste {unknown}
 G - a potion of brilliance {unknown}

Dungeon Overview and Level Annotations

Branches:
Dungeon (7/15) Zot: 26728  Temple (1/1) D:5 Zot: 5978

Altars:
Ashenzari
Cheibriados
Dithmenos
Elyvilon
Fedhas
Gozag
Hepliaklqana
Kikubaaqudgha
Nemelex Xobeh
Okawaru
Qazlal
Ru
Sif Muna
Trog
Uskayaw
Vehumet
The Shining One

Shops:
D:5

* ####.#.## #.#
......#.#########
#.#
...>.###........#
#.#
#####.#.#######.#
#.# ##)## #.# #.#
#.# #.# #.# #.#
#.# #.#
#.########.#####
#.#
#.........zā™£...#
#.#
#####........>.#
#)# #.#######..#
#.# #.# #..# #.#
#.# #..###.# #.#
##...##)# #.#
#....[))# #.#
##...#####
#.#######.......#


You could see a skeletal warrior.


Message History

* * * LOW HITPOINT WARNING * * *
The skeletal warrior closely misses you. šŸ˜Ø HP[-13]
You take 13 damage, and now have 37/81 hp.
The skeletal warrior attacks as you move away!
The skeletal warrior hits you but does no damage. šŸ˜Ø HP[+1]
The skeletal warrior attacks as you move away!
The skeletal warrior hits you but does no damage.
The skeletal warrior attacks as you move away!
The skeletal warrior hits you with a +0 flail.
* * * LOW HITPOINT WARNING * * *
šŸ˜Ø HP[-5]
You take 5 damage, and now have 33/81 hp.
You completely miss the skeletal warrior.
Your headbutt misses the skeletal warrior.
You block the skeletal warrior's attack.
You hit the skeletal warrior.
The skeletal warrior hits you with a +0 flail!
* * * LOW HITPOINT WARNING * * *
šŸ˜Ø HP[-12]
You take 12 damage, and now have 21/81 hp.
You barely miss the skeletal warrior.
You headbutt the skeletal warrior, but do no damage. šŸ˜Ø HP[+1]
You slash the skeletal warrior!
Your headbutt misses the skeletal warrior.
The skeletal warrior hits you but does no damage.
You closely miss the skeletal warrior. You headbutt the skeletal warrior.
The skeletal warrior hits you with a +0 flail!
* * * LOW HITPOINT WARNING * * *
šŸ˜± HP[-9]
You take 9 damage, and now have 13/81 hp.
You hit the skeletal warrior. You slash the skeletal warrior!
The skeletal warrior hits you with a +0 flail.
* * * LOW HITPOINT WARNING * * *
šŸ˜± HP[-2]
You take 2 damage, and now have 11/81 hp.
You slice the skeletal warrior!!
You destroy the skeletal warrior!
Okawaru is honoured by your kill.
Your Axes skill increases to level 11!
Your Invocations skill increases to level 2!
You have reached level 10! šŸ˜± HP[+2] MP[+1]
You now have 90 max hp (+9).
You regained 2 hp, and now have 13/90 hp.
Your mp is fully restored (10).
The skeletal warrior attacks as you move away!
The skeletal warrior hits you with a +0 scimitar!
* * * LOW HITPOINT WARNING * * *
šŸ˜± HP[-9]
You take 9 damage, and now have 4/90 hp.
The skeletal warrior attacks as you move away!
The skeletal warrior hits you but does no damage.
The skeletal warrior attacks as you move away!
The skeletal warrior misses you. šŸ˜± HP[+1]
The skeletal warrior attacks as you move away!
The skeletal warrior barely misses you. šŸ˜± HP[+1] It was a potion of lignification.
You turn into a tree.
The +18 Lear's hauberk melds into your body.
Your roots penetrate the ground.
The skeletal warrior hits you but does no damage. šŸ˜± HP[+3]
You now have 135 max hp (+45).
You regained 3 hp, and now have 9/135 hp.
It was a potion of magic.
Magic courses through your body.
The skeletal warrior hits you with a +0 scimitar.
* * * LOW HITPOINT WARNING * * *
šŸ˜± HP[-5]
You take 5 damage, and now have 4/135 hp.
It was a potion of heal wounds.
You feel much better.
The skeletal warrior hits you but does no damage. šŸ˜± HP[+17]
You regained 17 hp, and now have 21/135 hp.
You slash the skeletal warrior! The skeletal warrior barely misses you.
You closely miss the skeletal warrior. You closely miss the skeletal warrior.
The skeletal warrior hits you with a +0 scimitar!
* * * LOW HITPOINT WARNING * * *
šŸ˜± HP[-6]
You take 6 damage, and now have 15/135 hp.
You barely miss the skeletal warrior.
The skeletal warrior hits you but does no damage.
You closely miss the skeletal warrior.
You block the skeletal warrior's attack.
You closely miss the skeletal warrior. The skeletal warrior barely misses you.
You slash the skeletal warrior! šŸ˜± HP[+1]
You closely miss the skeletal warrior.
The skeletal warrior hits you with a +0 scimitar!
* * * LOW HITPOINT WARNING * * *
šŸ˜± HP[-14]
You take 14 damage, and now have 2/135 hp.
It was a potion of curing.
You feel better.
The skeletal warrior hits you with a +0 scimitar!
You die...

Skill      XL: |  1  2  3  4  5  6  7  8  9 |
---------------+----------------------------+-----
Axes           | 3 4 5 6 7 9 11 | 11.0
Fighting       | 4 5 6 7 8 |  8.4
Armour         | 4 5 6 7 8 |  8.5
Shields        | 4 5 6 7 8 |  8.4
Invocations    | 2 |  2.3

Action                   |  1- 3 |  4- 6 |  7- 9 | 10-12 || total
-------------------------+-------+-------+-------+-------++-------
Melee: War axe           |    82 |    31 |       |       ||   113
       Headbutt          |     8 |    12 |    36 |       ||    56
       Broad axe         |       |    70 |   170 |     8 ||   248
  Use: Scroll            |     1 |       |     1 |       ||     2
       Potion            |       |       |       |     4 ||     4
Armor: Scale mail        |    13 |       |       |       ||    13
       Chain mail        |    39 |    80 |    75 |     1 ||   195
       Skin              |       |       |       |     3 ||     3
Dodge: Dodged            |    39 |    48 |    76 |     4 ||   167
Block: Buckler           |    25 |    27 |    27 |     1 ||    80

Levels and vault maps discovered:
D:1:      giann_horns, layout_basic, ebering_ecumenical_altar_hall,
          serial_glass, glass_columns_b, glass_columns_c, glass_columns_a,
          kennysheep_doodads
D:2:      layout_loops_corners, serial_bayou_lagoon_a, eino_curves_02
D:3:      layout_loops_cross, mainiacjoe_overflow_catwalk,
          mainiacjoe_overflow_catwalk_spiral, minmay_stone_trees_medium
D:4:      layout_loops_ring, kiku_gazebo_pond_becter, ebering_ghost_rock_garden,
          grunt_decor_junction, kennysheep_big_empty_room, chequers_garden,
          pf_guarded_unrand_woodcutter
D:5:      nicolae_cairo_tiling_very_big, layout_loops_ring,
          gammafunk_temple_overflow_elements, minmay_temple_entry_trees,
          nicolae_shop_gadgets
D:6:      layout_loops_ring, nicolae_uskayaw_en_pointe, uniq_duvessa
D:7:      layout_cave_pools, general_overflow_altar, uniq_joseph
Temple:   nicolae_temple_ecumenical_triangle

Notes
Turn   | Place    | Note
-------+----------+-------------------------------------------
     0 | D:1      | Sanktem7 the Minotaur Fighter began the quest for the Orb.
     0 | D:1      | Reached XP level 1. HP: 19/19 MP: 0/0
     0 | D:1      | magus.rc [v1.9.6]
   151 | D:1      | Reached XP level 2. HP: 22/27 MP: 1/1
   513 | D:1      | Found a faded altar of an unknown god.
   528 | D:1      | Reached skill level 3 in Axes
   947 | D:1      | Identified a scroll of acquirement
   947 | D:1      | Acquired the +18 Lear's hauberk
   947 | D:1      | Found the +18 Lear's hauberk
  1150 | D:2      | Reached skill level 4 in Fighting
  1150 | D:2      | Reached skill level 4 in Armour
  1150 | D:2      | Reached skill level 4 in Shields
  1150 | D:2      | Reached XP level 3. HP: 33/33 MP: 2/2
  1725 | D:2      | Reached XP level 4. HP: 40/40 MP: 3/3
  1873 | D:3      | Found a hazy altar of Hepliaklqana.
  1894 | D:3      | Reached skill level 4 in Axes
  1929 | D:3      | Found a bloodstained altar of Trog.
  1985 | D:3      | Found a stormy altar of Qazlal.
  2059 | D:3      | Found the +8 mithril axe "Arga" {speed, Will+}
  2374 | D:3      | You pick up a book of Alchemy and begin reading...
  2374 | D:3      | You add the spells Sublimation of Blood, Petrify and
                  | Irradiate to your library.
  2583 | D:4      | Reached XP level 5. HP: 47/47 MP: 4/4
  2665 | D:4      | You pick up a book of Rime and begin reading...
  2665 | D:4      | You add the spells Frozen Ramparts, Ice Form and Summon Ice
                  | Beast to your library.
  2668 | D:4      | Found a runed translucent gate.
  2668 | D:4      | Found a runed translucent gate.
  2668 | D:4      | Found a runed translucent gate.
  2668 | D:4      | Noticed Renzlar's ghost (amateur GnFi)
  2825 | D:4      | Reached skill level 5 in Axes
  2924 | D:4      | You pick up a book of Dreams and begin reading...
  2924 | D:4      | You add the spells Ensorcelled Hibernation, Spider Form and
                  | Anguish to your library.
  3015 | D:4      | Identified the +4 chain mail of the Blue Moon {rElec}
  3026 | D:4      | Reached XP level 6. HP: 42/55 MP: 5/5
  3040 | D:4      | Reached skill level 5 in Shields
  3044 | D:4      | Found the +3 woodcutter's axe {vorpal}
  3051 | D:4      | Reached skill level 5 in Fighting
  3051 | D:4      | Reached skill level 5 in Armour
  3266 | D:4      | Reached skill level 6 in Axes
  3324 | D:4      | Reached XP level 7. HP: 60/61 MP: 6/6
  3361 | D:4      | Found an ancient bone altar of Kikubaaqudgha.
  3533 | D:4      | Killed Renzlar's ghost
  3673 | D:5      | Entered Level 5 of the Dungeon
  3748 | D:5      | Found a staircase to the Ecumenical Temple.
  3753 | Temple   | Entered the Ecumenical Temple
  3757 | Temple   | Reached skill level 7 in Axes
  3765 | Temple   | Became a worshipper of Warmaster Okawaru
  3871 | D:5      | Reached skill level 6 in Armour
  3905 | D:5      | Reached skill level 6 in Fighting
  3905 | D:5      | Reached skill level 6 in Shields
  3987 | D:5      | Found Dohief's Gadget Gallery.
  4069 | D:5      | Reached XP level 8. HP: 70/70 MP: 7/7
  4179 | D:5      | Reached skill level 8 in Axes
  4574 | D:5      | Found a blossoming altar of Fedhas.
  4574 | D:5      | Found a glowing golden altar of the Shining One.
  4801 | D:5      | Acquired 936 gold pieces
  4856 | D:6      | Noticed a +0 falchion
  4856 | D:6      | Noticed a +0 spear
  4870 | D:6      | Found a hide-covered altar of Uskayaw.
  4870 | D:6      | Noticed a +0 short sword
  4871 | D:6      | Noticed a +0 spear
  4877 | D:6      | Reached * piety under Okawaru
  4878 | D:6      | Noticed a +0 dagger
  4878 | D:6      | Noticed a +0 short sword
  4884 | D:6      | Noticed a +0 dagger
  4886 | D:6      | Noticed a +0 falchion
  4900 | D:6      | Reached skill level 7 in Armour
  4904 | D:6      | Reached skill level 7 in Fighting
  4904 | D:6      | Reached skill level 7 in Shields
  5026 | D:6      | Reached skill level 9 in Axes
  5038 | D:6      | Noticed Duvessa
  5038 | D:6      | Noticed Dowan
  5049 | D:6      | Killed Duvessa
  5050 | D:6      | Reached XP level 9. HP: 79/79 MP: 8/8
  5051 | D:6      | Killed Dowan
  5053 | D:6      | Reached ** piety under Okawaru
  5298 | D:6      | Reached skill level 10 in Axes
  5520 | D:7      | Noticed Joseph
  5534 | D:7      | Killed Joseph
  5535 | D:7      | Reached skill level 8 in Fighting
  5535 | D:7      | Reached skill level 8 in Armour
  5535 | D:7      | Reached skill level 8 in Shields
  5535 | D:7      | Reached skill level 1 in Invocations
  5681 | D:7      | Found a radiant altar of Vehumet.
  5729 | D:7      | Reached *** piety under Okawaru
  5730 | D:7      | Noticed a skeletal warrior
  5730 | D:7      | Noticed a skeletal warrior
  5730 | D:7      | Noticed a skeletal warrior
  5765 | D:6      | HP: 13/81 [skeletal warrior/+0 flail (9)]
  5768 | D:6      | Killed a skeletal warrior
  5769 | D:6      | Reached skill level 11 in Axes
  5769 | D:6      | Reached skill level 2 in Invocations
  5769 | D:6      | Reached XP level 10. HP: 13/90 MP: 10/10
  5771 | D:6      | HP: 3/90 [skeletal warrior/+0 scimitar (10)]
  5782 | D:6      | HP: 4/135 [skeletal warrior/+0 scimitar (6)]
  5791 | D:6      | HP: 2/135 [skeletal warrior/+0 scimitar (14)]
  5792 | D:6      | Slain by a skeletal warrior

Vanquished Creatures
  A skeletal warrior (D:6)
  Joseph (D:7)
  The ghost of Renzlar the Shield-Bearer, an amateur GnFi (D:4)
  A water moccasin (D:7)
  Duvessa (D:6)
  An ice beast (D:6)
  3 sky beasts
  4 ogres
  2 black bears
  3 centaurs
  2 phantoms
  A necrophage (D:6)
  A gnoll sergeant (D:4)
  A scorpion (D:6)
  9 wights
  Dowan (D:6)
  A gnoll bouda (D:4)
  4 hounds
  2 orc priests (D:4)
  2 jellies
  4 iguanas
  3 orc wizards
  11 gnolls (D:4)
  6 adders
  A shadow imp (D:6)
  2 white imps (D:5)
  3 ufetubi
  A worm (D:5)
  A dart slug (D:2)
  23 orcs
  5 endoplasms
  3 giant cockroaches (D:1)
  7 goblins
  3 hobgoblins
  4 kobolds
  3 quokkas
  6 ball pythons
  10 bats
  4 frilled lizards
  4 rats
146 creatures vanquished.

Vanquished Creatures (others)
  7 plants (D:2)
7 creatures vanquished.

Grand Total: 153 creatures vanquished

Table legend:
 A = Non-vault XP
 B = Vault XP
 C = Vault XP percentage of total XP
 D = Non-vault monster count
 E = Vault monster count
 F = Vault count percentage of total count
                 A         B        C        D         E       F
            +---------+---------+-------+---------+---------+-------
      Total |    4423 |    1273 |  22.3 |     129 |      17 |  11.6
            +---------+---------+-------+---------+---------+-------
        D:1 |      24 |       0 |   0.0 |      14 |       0 |   0.0
        D:2 |      74 |       0 |   0.0 |      22 |       0 |   0.0
        D:3 |      77 |       0 |   0.0 |      18 |       0 |   0.0
        D:4 |     391 |     589 |  60.1 |      19 |      14 |  42.4
        D:5 |     798 |       0 |   0.0 |      22 |       0 |   0.0
        D:6 |    2494 |     209 |   7.7 |      29 |       2 |   6.5
        D:7 |     523 |     475 |  47.6 |       4 |       1 |  20.0
     Temple |      42 |       0 |   0.0 |       1 |       0 |   0.0
            +---------+---------+-------+---------+---------+-------

Illustrated notes

Table legend:
 A = Kills in this place as a percentage of kills in entire the game.
 B = Kills by you in this place as a percentage of kills by you in the entire game.
 C = Kills by friends in this place as a percentage of kills by friends in the entire game.
 D = Other kills in this place as a percentage of other kills in the entire game.
 E = Experience gained in this place as a percentage of experience gained in the entire game.
 F = Experience gained in this place divided by the number of levels of this place that you have seen.
                   A       B       C       D       E      F
               +-------+-------+-------+-------+-------+----------------------
         Total | 100.0 | 100.0 |   N/A |   N/A | 100.0 | 712.0
       Dungeon |  99.3 |  99.3 |   N/A |   N/A |  99.3 | 807.7
        Temple |   0.7 |   0.7 |   N/A |   N/A |   0.7 |  42.0
               +-------+-------+-------+-------+-------+----------------------

Table legend: (Time is in decaauts)
 A = Elapsed time spent in this place.
 B = Non-inter-level travel time spent in this place.
 C = Inter-level travel time spent in this place.
 D = Time resting spent in this place.
 E = Time spent auto-exploring this place.
 F = Levels seen in this place.
 G = Mean time per level.
                   A        B        C        D        E       F      G
               +--------+--------+--------+--------+--------+-----+--------+
         Total |   5800 |   5671 |    129 |      0 |   4721 |   8 |  725.0 |
       Dungeon |   5778 |   5649 |    129 |      0 |   4721 |   7 |  825.4 |
        Temple |     21 |     21 |      0 |      0 |      0 |   1 |   21.0 |
               +--------+--------+--------+--------+--------+-----+--------+

Top non-repeatable levels by time:
     D:5: 1125 daAuts
     D:4: 1120 daAuts
     D:1: 976 daAuts
     D:2: 931 daAuts
     D:6: 706 daAuts
     D:3: 685 daAuts
     D:7: 233 daAuts
  Temple: 21 daAuts
